 Dungeon Crawl Stone Soup version 0.29.1-14-g9c671dbff4 (webtiles) character file.

Game seed: 15241947336257110367

109 DemonSlayer the Digger (level 4, -12/31 HPs)
             Began as a Demonspawn Earth Elementalist on Feb 19, 2023.
             Mangled by Crazy Yiuf
             ... wielding a +2 quarterstaff of chaos
              (14 damage)
             ... on level 2 of the Dungeon.
             The game lasted 00:05:38 (4101 turns).

DemonSlayer the Digger (DsEE)                       Turns: 4101, Time: 00:05:40

Health: -12/31     AC:  2    Str: 11    XL:     4   Next: 59%
Magic:  4/8        EV: 12    Int: 16    God:
Gold:   201        SH:  4    Dex: 13    Spells: 3/9 levels left

rFire   . . .      SeeInvis .   k - +0 demon blade
rCold   . . .      Faith    .   (no shield)
rNeg    . . .      Spirit   .   a - +0 robe
rPois   .          Reflect  .   (no helmet)
rElec   .          Harm     .   (no cloak)
rCorr   .          Rampage  .   (no gloves)
Will    .....                   (no boots)
Stlth   ++........              (no amulet)
HPRegen 0.10/turn               (no ring)
MPRegen 0.11/turn               (no ring)

@: invisible
A: spiny 1, condensation shield
a: no special abilities


You were on level 2 of the Dungeon.
You visited 1 branch of the dungeon, and saw 3 of its levels.

You collected 201 gold pieces.

Inventory:

Hand Weapons
 k - a +0 demon blade (weapon)
Armour
 a - a +0 robe (worn)
Jewellery
 i - a ring of fire
Wands
 p - a wand of paralysis (5)
Scrolls
 f - a scroll of summoning {unknown}
 g - 2 scrolls of vulnerability {unknown}
 h - a scroll of identify {unknown}
 l - a scroll of silence {unknown}
 m - 3 scrolls of poison {unknown}
 o - a scroll of butterflies {unknown}
 r - a scroll of noise {unknown}
Potions
 b - a potion of magic
 c - 2 potions of flight {unknown}
 d - 2 potions of heal wounds {unknown}
 e - 2 potions of curing {unknown}
 j - a potion of cancellation {unknown}
 n - a potion of haste {unknown}
 q - a potion of mutation {unknown}


   Skills:
 + Level 0.5 Fighting
 + Level 1.1 Long Blades
 + Level 2.1 Dodging
 + Level 2.3 Stealth
 + Level 0.1 Shields
 + Level 3.0 Spellcasting
 + Level 0.8 Transmutations
 + Level 3.4 Earth Magic


You had 3 spell levels left.
You knew the following spells:

 Your Spells              Type           Power      Damage    Failure   Level
a - Sandblast             Erth           26%        2d8       4%          1
b - Blink                 Tloc           4%         N/A       28%         2
c - Stone Arrow           Conj/Erth      14%        3d7       28%         3

Your spell library contained the following spells:

 Spells                   Type           Power      Damage    Failure   Level
 Passwall                 Tmut/Erth      7%         N/A       12%         2
 Lesser Beckoning         Tloc           2%         N/A       50%         3
 Petrify                  Tmut/Erth      9%         N/A       61%         4
 Manifold Assault         Tloc           2%         N/A       99%         5


Dungeon Overview and Level Annotations

Branches:
Dungeon (3/15)

Altars:
Fedhas
Kikubaaqudgha
Okawaru

Annotations:
D:2 Crazy Yiuf


Innate Abilities, Weirdness & Mutations

You are partially covered in sharp spines.
A meltable shield of frost defends you. (SH +4)


Message History

Where to? (Enter - D:3, ? - help)
What level of the Dungeon? (default 1, ? - help)
You see here an adder corpse.
There is a stone staircase leading up here.
You climb upwards.
Level annotation: 1 runed translucent door, Crazy Yiuf
There is a stone staircase leading down here.
You see here 4 stones.
Could not explore, unopened runed door.
Could not explore, unopened runed door.
Could not explore, unopened runed door.
Could not explore, unopened runed door.
There are no items here.
You open the door.
The blast of sand hits Crazy Yiuf.
Crazy Yiuf is moderately wounded.
Crazy Yiuf shouts!
Crazy Yiuf flaps his cloak.
Crazy Yiuf hits you with a +2 quarterstaff of chaos!
You fade into invisibility!
The blast of sand hits Crazy Yiuf.
Crazy Yiuf is heavily wounded.
You block Crazy Yiuf's attack.
Crazy Yiuf drinks a potion.
Crazy Yiuf seems to grow stronger.
The blast of sand hits Crazy Yiuf.
Crazy Yiuf is severely wounded.
Crazy Yiuf is struck by your spines.
Crazy Yiuf hits you with a +2 quarterstaff of chaos!!
Ouch! That really hurt!
* * * LOW HITPOINT WARNING * * *
Crazy Yiuf freezes you.
* * * LOW HITPOINT WARNING * * *
Casting: Sandblast (safe; 4% risk of failure)
Confirm with . or Enter, or press ? or * to list all spells.
Aiming: Sandblast (safe; 4% risk of failure)
Press: ? - help, Shift-Dir - straight line, f/p - Crazy Yiuf
Aim: Crazy Yiuf, wielding a +2 quarterstaff of chaos, wearing a +0 cloak and carrying a wand of roots (9) (almost dead, strong, unable to see you, 84% to hit)
The blast of sand misses Crazy Yiuf.
Crazy Yiuf is struck by your spines.
Crazy Yiuf hits you with a +2 quarterstaff of chaos!
You die...

### ♣♣#### #)..#♣♣
♣♣..#.##
#...g@♣♣♣♣......#
#########
#...#♣..♣.......#
#.......# ###
♣♣♣.♣...##.# #.#####.#
♣♣♣♣♣##..# #.# ##.##
#.## #.# #...# ### #.#
#.# #..#######.# #.#
#.#
#...##..##.#########.#
#.#
#.#####...)....>.....#


You could see Crazy Yiuf (strong, unable to see you).

Vanquished Creatures
  Jessica (D:3)
  4 adders
  A dart slug (D:2)
  2 orcs
  4 ball pythons
  3 endoplasms
  3 goblins
  5 hobgoblins
  3 kobolds
  A quokka (D:2)
  7 bats
  4 frilled lizards
  6 rats
44 creatures vanquished.

Vanquished Creatures (others)
  A plant (D:3)
1 creature vanquished.

Grand Total: 45 creatures vanquished

Notes
Turn   | Place    | Note
-------+----------+-------------------------------------------
     0 | D:1      | DemonSlayer the Demonspawn Earth Elementalist began the
                  | quest for the Orb.
     0 | D:1      | Reached XP level 1. HP: 13/13 MP: 3/3
   879 | D:1      | Gained mutation: A meltable shield of frost defends you.
                  | (SH +4) [demonic ancestry]
   879 | D:1      | Reached XP level 2. HP: 19/19 MP: 3/5
  1644 | D:2      | Found a blossoming altar of Fedhas.
  1956 | D:2      | Reached XP level 3. HP: 16/24 MP: 3/6
  2573 | D:2      | Found a runed translucent door.
  2574 | D:2      | Noticed Crazy Yiuf
  2620 | D:2      | Found a faded altar of an unknown god.
  3155 | D:3      | Found an ancient bone altar of Kikubaaqudgha.
  3200 | D:3      | Noticed Jessica
  3206 | D:3      | Killed Jessica
  3207 | D:3      | Gained mutation: You are partially covered in sharp spines.
                  | [demonic ancestry]
  3207 | D:3      | Reached XP level 4. HP: 20/31 MP: 3/8
  3433 | D:3      | Found an iron altar of Okawaru.
  3503 | D:3      | Reached skill level 1 in Long Blades
  3981 | D:3      | Learned a level 2 spell: Blink
  3985 | D:3      | Learned a level 3 spell: Stone Arrow
  4101 | D:2      | Mangled by Crazy Yiuf

Illustrated notes

Levels and vault maps discovered:
D:1:      wheals_arrival_shading, layout_loops_ring
D:2:      layout_loops_ring, basic_altar, shapermc_ecumenical_altar_gd,
          minivault_5, chequers_serial_rivers_large_a, uniq_crazy_yiuf_cottage
D:3:      layout_basic, general_overflow_altar, kiku_gazebo_garden_becter,
          serial_bayou_lagoon_a, hangedman_decor_lopped,
          kennysheep_generic_room_2, uniq_jessica

Skill      XL: |  1  2  3  4 |
---------------+-------------+-----
Stealth        | 2 |  2.3
Earth Magic    | 3 |  3.4
Dodging        | 2 |  2.1
Long Blades    | 1 |  1.1
Spellcasting   | 3 |  3.0
Fighting       | |  0.5
Shields        | |  0.1
Transmutations | |  0.8

Action                   |  1- 3 |  4- 6 || total
-------------------------+-------+-------++-------
Melee: Dagger            |    13 |       ||    13
       Punch             |     1 |       ||     1
       Demon blade       |    36 |    12 ||    48
 Cast: Sandblast         |    38 |     8 ||    46
 Stab: Sleeping          |     6 |       ||     6
Armor: Robe              |    13 |     4 ||    17
Dodge: Dodged            |    56 |     3 ||    59
Block: Other             |     7 |     4 ||    11
